 Dungeon Sprint DCSS version 0.18.1-48-g4cf74bf (webtiles) character file.

1773 Ponchio the Thaumaturge (level 8, -6/46 HPs)
             Began as a High Elf Fire Elementalist on Sept 5, 2016.
             Was a High Priest of Vehumet.
             Hit by a large rock thrown by a cyclops (28 damage)
             ... in the Dungeon (Sprint V: "Ziggurat Sprint").
             The game lasted 00:14:16 (659 turns).

Ponchio the Thaumaturge (High Elf Fire Elementalist) Turns: 659, Time: 00:14:20

Health: -6/46      AC:  4    Str: 11    XL:     8   Next: 80%
Magic:  22/31      EV: 22    Int: 26    God:    Vehumet [*****.]
Gold:   0          SH:  0    Dex: 27    Spells: 2 memorised, 26 levels left

rFire  + . .     SeeInvis .     I - +6 Majin-Bo {vamp, Archmagi MP+6 Int+6}
rCold  . . .     Gourm    .     m - +1 leather armour {rF+}
rNeg   + . .     Faith    .     (shield currently unavailable)
rPois  .         Spirit   .     (no helmet)
rElec  .         Dismiss  .     (no cloak)
rCorr  .         Reflect  .     (no gloves)
SustAt .         Harm     .     (no boots)
MR     +....     NoTele   +     (no amulet)
Stlth  +++.......               J - ring of Ebroehuz {rN+ MR+ Str+4 Dex+4}
                                y - +6 ring of dexterity

@: somewhat resistant to hostile enchantments, fairly stealthy
A: no striking features
a: Renounce Religion


You were in the Dungeon.
You worshipped Vehumet.
Vehumet was extremely pleased with you.
You were not hungry.

You visited 1 branch

Inventory:

Hand Weapons
 I - the +6 Majin-Bo (weapon) {vamp, Archmagi MP+6 Int+6}
   (You found it in the Dungeon)

   It inflicts no extra harm, but heals its wielder somewhat when it strikes a
   living foe.
   It affects your intelligence (+6).
   It affects your magic capacity (+6).
Armour
 m - a +1 leather armour of fire resistance (worn)
Jewellery
 y - a +6 ring of dexterity (left hand)
 z - a +6 ring of dexterity
 A - a +6 ring of intelligence
 B - a +6 ring of intelligence
 C - a +6 ring of strength
 D - a +6 ring of strength
 J - the ring of Ebroehuz (right hand) {rN+ MR+ Str+4 Dex+4}
   (You found it in the Dungeon)

   [ring of dexterity]

   It affects your strength (+4).
   It affects your dexterity (+4).
   It protects you from negative energy.
   It affects your resistance to hostile enchantments.
 K - a +3 ring of dexterity
Wands
 E - a wand of disintegration (3/24)
 F - a wand of iceblast (1/15)
 G - a wand of lightning (4/15)
 H - a wand of acid (5/15)
Scrolls
 i - 4 scrolls of blinking
 p - 4 scrolls of amnesia
 q - 3 scrolls of recharging
 r - 7 scrolls of fog
 s - a scroll of holy word
 t - 5 scrolls of identify
 u - 5 scrolls of remove curse
 v - 2 scrolls of fear
Potions
 d - 10 potions of curing
 e - 12 potions of heal wounds
 f - 6 potions of haste
 g - 7 potions of magic
 h - 3 potions of berserk rage
 j - 2 potions of brilliance
 k - 2 potions of invisibility
 l - 4 potions of resistance
 n - 5 potions of agility
 o - 5 potions of might
Books
 b - a book of Flames

   Spells                             Type                      Level
   a - Flame Tongue                   Conjuration/Fire             1
   b - Throw Flame                    Conjuration/Fire             2
   c - Conjure Flame                  Conjuration/Fire             3
   d - Inner Flame                    Hexes/Fire                   3
   e - Sticky Flame                   Conjuration/Fire             4
   f - Fireball                       Conjuration/Fire             5
 L - a book of Debilitation

   Spells                             Type                      Level
   a - Corona                         Hexes                        1
   b - Slow                           Hexes                        2
   c - Gell's Gravitas                Hexes/Translocation          3
   d - Inner Flame                    Hexes/Fire                   3
   e - Cause Fear                     Hexes                        4
   f - Leda's Liquefaction            Hexes/Earth                  4
 N - the Almanac of the Frostbite and Clay
   (You found it in the Dungeon)

   Spells                             Type                      Level
   a - Throw Frost                    Conjuration/Ice              2
   b - Ensorcelled Hibernation        Hexes/Ice                    2
   c - Passwall                       Transmutation/Earth          2
   d - Petrify                        Transmutation/Earth          4
   e - Bolt of Magma                  Conjuration/Fire/Earth       5
Miscellaneous
 a - a lamp of fire
Comestibles
 c - 5 bread rations
 w - 40 fruits
 x - 4 meat rations
 M - 3 royal jellies


   Skills:
 + Level 9.3 Dodging
 - Level 2.1 Stealth
 + Level 12.8 Spellcasting
 + Level 12.5 Conjurations
 - Level 3.0 Fire Magic
 - Level 7.3 Evocations


You had 26 spell levels left.
You knew the following spells:

 Your Spells              Type           Power        Failure   Level  Hunger
a - Flame Tongue          Conj/Fire      #####        1%          1    None
b - Fireball              Conj/Fire      ######....   2%          5    ###....


Dungeon Overview and Level Annotations

Branches:
Dungeon (1/1)

Altars:
Ashenzari
Cheibriados
Dithmenos
Elyvilon
Fedhas
Gozag
Kikubaaqudgha
Makhleb
Nemelex Xobeh
Okawaru
Pakellas
Qazlal
Ru
Sif Muna
Trog
Vehumet
Xom
Yredelemnul
Zin
The Shining One
Beogh
Jiyva
Lugonu


Message History

The cyclops is severely wounded.
The fireball engulfs the centaur.
You kill the centaur!
Vehumet accepts your kill.
You feel your power returning.
The fireball engulfs the centaur.
You kill the centaur!
Vehumet accepts your kill.
Casting: Fireball
Confirm with . or Enter, or press ? or * to list all spells.
Aiming: Fireball
Press: ? - help, Shift-Dir - straight line, f - cyclops
Aim: a cyclops (moderately wounded)
You feel a surge of power!
The fireball explodes!
The fireball engulfs the cyclops.
The cyclops is severely wounded.
The fireball engulfs the cyclops.
The cyclops is almost dead.
The cyclops throws a large rock.
The large rock hits you!!
Ouch! That really hurt!
You die...

▓..[)...▓
▓..[))..▓
▓..CC...▓
▓.......▓
▓.......▓
.......
▓.▓...▓.▓
▓...@...▓
▓▓▓▓▓▓▓▓▓


You could see 2 cyclopes.

Vanquished Creatures
  A yaktaur (D)
  A raiju (D)
  2 tarantellas (D)
  3 fire elementals (D)
  A hell hound (D)
  3 centaurs (D)
  2 scorpions (D)
  A wight (D)
  2 quasits (D)
  2 orc priests (D)
  An orc wizard (D)
  3 orcs (D)
  2 bat zombies (D)
  2 jackal zombies (D)
  A quokka zombie (D)
  A fire vortex (D)
28 creatures vanquished.

Notes
Turn   | Place    | Note
--------------------------------------------------------------
     0 | D        | Ponchio the High Elf Fire Elementalist began the quest for the Orb.
     0 | D        | Reached XP level 1. HP: 11/11 MP: 4/4
     0 | D        | Found a viscous altar of Jiyva.
     0 | D        | Found a roughly hewn altar of Beogh.
     0 | D        | Found a corrupted altar of Lugonu.
     0 | D        | Found a white marble altar of Elyvilon.
     0 | D        | Found a sparkling altar of Nemelex Xobeh.
     1 | D        | Found a burning altar of Makhleb.
     1 | D        | Found an iron altar of Okawaru.
     1 | D        | Found a deep blue altar of Sif Muna.
     1 | D        | Found a radiant altar of Vehumet.
     1 | D        | Found a bloodstained altar of Trog.
     1 | D        | Found a shimmering altar of Xom.
    22 | D        | Reached XP level 2. HP: 17/17 MP: 4/7
    30 | D        | Became a worshipper of Vehumet
    98 | D        | Entered arena 1.
    99 | D        | Reached XP level 3. HP: 21/21 MP: 9/9
   110 | D        | Entered arena 2.
   110 | D        | Noticed a raiju
   115 | D        | Killed a raiju
   115 | D        | Reached * piety under Vehumet
   115 | D        | Offered knowledge of Shock by Vehumet.
   115 | D        | Reached XP level 4. HP: 15/27 MP: 15/15
   115 | D        | Reached XP level 5. HP: 17/31 MP: 16/16
   124 | D        | Reached XP level 6. HP: 18/36 MP: 18/18
   168 | D        | Learned a level 5 spell: Fireball
   285 | D        | Entered arena 3.
   286 | D        | Reached ** piety under Vehumet
   286 | D        | Offered knowledge of Throw Frost by Vehumet.
   323 | D        | Entered arena 4.
   323 | D        | Noticed a tarantella
   323 | D        | Noticed a tarantella
   324 | D        | Reached *** piety under Vehumet
   324 | D        | Reached skill level 10 in Spellcasting
   325 | D        | Killed a tarantella
   325 | D        | Reached skill level 5 in Dodging
   325 | D        | Reached skill level 10 in Conjurations
   325 | D        | Reached XP level 7. HP: 35/41 MP: 18/22
   325 | D        | Killed a tarantella
   332 | D        | Got the ring of Ebroehuz {rN+ MR+ Str+4 Dex+4}
   408 | D        | Entered arena 5.
   408 | D        | Noticed a fire elemental
   408 | D        | Noticed a fire elemental
   408 | D        | Noticed a fire elemental
   409 | D        | Killed a fire elemental
   410 | D        | Reached **** piety under Vehumet
   413 | D        | Killed a fire elemental
   413 | D        | Reached XP level 8. HP: 28/46 MP: 24/24
   589 | D        | Entered arena 6.
   590 | D        | Offered knowledge of Ignite Poison by Vehumet.
   590 | D        | Reached ***** piety under Vehumet
   603 | D        | Identified the Almanac of the Frostbite and Clay (You found it in the Dungeon)
   656 | D        | Entered arena 7.
   656 | D        | Noticed a cyclops
   656 | D        | Noticed a yaktaur
   656 | D        | Noticed a cyclops
   658 | D        | Killed a yaktaur
   659 | D        | Hit by a large rock thrown by a cyclops

Skill      XL: |  1  2  3  4  5  6  7  8 |
---------------+-------------------------+-----
Evocations     | 7 |  7.3
Spellcasting   | 3 8 10 11 12 | 12.8
Conjurations   | 3 7 8 10 11 12 | 12.5
Dodging        | 5 7 9 |  9.3
Stealth        | |  2.1
Fire Magic     | |  3.0

Action                   |  1- 3 |  4- 6 |  7- 9 || total
-------------------------+-------+-------+-------++-------
Melee: Quarterstaff      |     2 |     9 |    10 ||    21
 Cast: Fireball          |       |     2 |     6 ||     8
Evoke: Wand              |     4 |     1 |     4 ||     9
  Use: Potion            |     1 |       |       ||     1
  Eat: Fruit             |     2 |       |       ||     2
       Chunk             |       |     1 |     1 ||     2
Armor: Plate armour      |    10 |    55 |       ||    65
       Leather armour    |       |       |     3 ||     3
Dodge: Dodged            |       |     3 |     2 ||     5
